TOP OF THE 1ST |
Mancelona Torch batting - Pitching for Holy City Herons : RHP Aaron Ellicott
|
Pitching: RHP Aaron Ellicott
|
|
Batting: RHB Ed House
|
0-0: Swinging Strike 0-1: Fly out, F7 (Flyball, 7LSF, EV 97.5 MPH)
|
Batting: RHB Broderick Petersen
|
0-0: Fly out, F9 (Flyball, 9S, EV 83.1 MPH)
|
Batting: LHB Roberto Inostraza
|
0-0: Ball 1-0: Called Strike 1-1: Ball 2-1: Ball 3-1: Base on Balls
|
Batting: LHB Ted Oglethorpe
|
0-0: SINGLE (Line Drive, 8LS, EV 91.9 MPH) Roberto Inostraza to second Runner from 2nd tries for 3rd, SAFE, no throw by CF
|
Pinch Runner at 3rd Scott Rice:
|
|
Batting: RHB Martino Madlad
|
0-0: Swinging Strike 0-1: Swinging Strike 0-2: Ball 1-2: Ball 2-2: Foul Ball, location: 2F 2-2: Strikes out looking
|
Top of the 1st over - 0 runs, 1 hit, 0 errors, 2 left on base; Mancelona 0 - Holy City 0 |
BOTTOM OF THE 1ST |
Holy City Herons batting - Pitching for Mancelona Torch : LHP Tristan Liefting
|
Pitching: LHP Tristan Liefting
|
|
Now in LF: Scott Rice
|
|
Batting: LHB Wes Smith
|
0-0: Called Strike 0-1: Swinging Strike 0-2: Strikes out looking
|
Batting: SHB Luis Flores
|
0-0: Foul Ball, location: 2F 0-1: Fly out, F5 (Line Drive, 56, EV 71.9 MPH)
|
Batting: SHB Randolph Harper
|
0-0: Called Strike 0-1: Ball 1-1: Foul Ball, location: 2F 1-2: Ball 2-2: Ball 3-2: Ground out U3 (Groundball, 3, EV 83.1 MPH)
|
Bottom of the 1st over - 0 runs, 0 hits, 0 errors, 0 left on base; Mancelona 0 - Holy City 0 |
TOP OF THE 2ND |
Mancelona Torch batting - Pitching for Holy City Herons : RHP Aaron Ellicott
|
Batting: SHB Harry Kofmeister
|
0-0: Ball 1-0: Ground out 4-3 (Groundball, 4, EV 78.8 MPH)
|
Batting: RHB Gabriel Salinas
|
0-0: Foul Ball, location: 2F 0-1: Ball 1-1: Called Strike 1-2: Strikes out looking
|
Batting: LHB Enrique Pérez
|
0-0: Reached on error, E4 (Groundball, 4, EV 84.4 MPH)
|
Batting: SHB Bikila Ayinde
|
0-0: Ball 1-0: Ball 2-0: SINGLE (Groundball, 15S, EV 70.0 MPH) (infield hit) Enrique Pérez to second
|
Batting: RHB Ed House
|
0-0: Ball 1-0: Ball 2-0: Swinging Strike 2-1: Called Strike 2-2: Strikes out swinging
|
Top of the 2nd over - 0 runs, 1 hit, 1 error, 2 left on base; Mancelona 0 - Holy City 0 |
BOTTOM OF THE 2ND |
Holy City Herons batting - Pitching for Mancelona Torch : LHP Tristan Liefting
|
Batting: RHB Kjeld van den Burgt
|
0-0: Foul Ball, location: 2F 0-1: Ball 1-1: Called Strike 1-2: Ball 2-2: Ball 3-2: Base on Balls
|
Batting: RHB Jorge Tapia
|
0-0: Ball Kjeld van den Burgt steals 2nd base 1-0: Called Strike 1-1: Foul Ball, location: 2F 1-2: Ball 2-2: SINGLE (Line Drive, 7S, EV 95.6 MPH) Kjeld van den Burgt to third Runner from 3rd tries for Home, SAFE, throw by LF to home
|
Batting: LHB Pat Martin
|
0-0: Called Strike 0-1: Fly out, F6 (Popup, 6, EV 57.5 MPH)
|
Batting: RHB Pedro Mejía
|
0-0: Called Strike 0-1: Foul Ball, location: 2F 0-2: Fly out, F4 (Popup, 4D, EV 73.8 MPH)
|
Batting: SHB Adrik Wirgasoff
|
0-0: Ball 1-0: Swinging Strike 1-1: Foul Ball, location: 2F 1-2: Ball 2-2: Fly out, F9 (Flyball, 9S, EV 84.4 MPH)
|
Bottom of the 2nd over - 1 run, 1 hit, 0 errors, 1 left on base; Mancelona 0 - Holy City 1 |
TOP OF THE 3RD |
Mancelona Torch batting - Pitching for Holy City Herons : RHP Aaron Ellicott
|
Batting: RHB Broderick Petersen
|
0-0: Swinging Strike 0-1: Ground out 4-3 (Groundball, 4, EV 88.1 MPH)
|
Batting: LHB Scott Rice
|
0-0: Swinging Strike 0-1: Foul Ball, location: 2F 0-2: Ball 1-2: Ground out 6-3 (Groundball, 6, EV 108.1 MPH)
|
Batting: LHB Ted Oglethorpe
|
0-0: Ball 1-0: Called Strike 1-1: Ball 2-1: Fly out, F8 (Flyball, 78XD, EV 96.9 MPH)
|
Top of the 3rd over - 0 runs, 0 hits, 0 errors, 0 left on base; Mancelona 0 - Holy City 1 |
BOTTOM OF THE 3RD |
Holy City Herons batting - Pitching for Mancelona Torch : LHP Tristan Liefting
|
Batting: RHB Julián Adame
|
0-0: Foul Ball, location: 2F 0-1: Swinging Strike 0-2: Ball 1-2: Fly out, F9 (Flyball, 9D, EV 97.5 MPH)
|
Batting: LHB Wes Smith
|
0-0: SINGLE (Line Drive, 89S, EV 110.6 MPH)
|
Batting: SHB Luis Flores
|
0-0: Swinging Strike 0-1: Foul Ball, location: 2F 0-2: Fielders Choice at 2nd, 6-4 (Groundball, 6, EV 81.9 MPH)
|
Batting: SHB Randolph Harper
|
0-0: Ball 1-0: Fielders Choice at 2nd, 5-4 (Groundball, 5, EV 109.4 MPH)
|
Bottom of the 3rd over - 0 runs, 1 hit, 0 errors, 1 left on base; Mancelona 0 - Holy City 1 |
TOP OF THE 4TH |
Mancelona Torch batting - Pitching for Holy City Herons : RHP Aaron Ellicott
|
Batting: RHB Martino Madlad
|
0-0: Foul Ball, location: 2F 0-1: Foul Ball, location: 2F 0-2: Strikes out looking
|
Batting: SHB Harry Kofmeister
|
0-0: Fly out, F9 (Line Drive, 9S, EV 83.8 MPH)
|
Batting: RHB Gabriel Salinas
|
0-0: Ball 1-0: Fly out, F7 (Flyball, 7LS, EV 95.6 MPH)
|
Top of the 4th over - 0 runs, 0 hits, 0 errors, 0 left on base; Mancelona 0 - Holy City 1 |
BOTTOM OF THE 4TH |
Holy City Herons batting - Pitching for Mancelona Torch : LHP Tristan Liefting
|
Batting: RHB Kjeld van den Burgt
|
0-0: Ball 1-0: Swinging Strike 1-1: TRIPLE (Line Drive, 78XD, EV 108.1 MPH)
|
Batting: RHB Jorge Tapia
|
0-0: Called Strike 0-1: Ball 1-1: Ball 2-1: Ball 3-1: Base on Balls
|
Batting: LHB Pat Martin
|
0-0: Ball 1-0: Ball 2-0: Foul Ball, location: 2F 2-1: Foul Ball, location: 2F 2-2: Foul Ball, location: 2F 2-2: Fly out, F7 (Flyball, 7S, EV 86.9 MPH)
|
Batting: RHB Pedro Mejía
|
0-0: Ball 1-0: Ball 2-0: Called Strike 2-1: Ball 3-1: Foul Ball, location: 2F 3-2: Foul Ball, location: 2F 3-2: Grounds into double play, 4-6-3 (Groundball, 4, EV 94.4 MPH)
|
Bottom of the 4th over - 0 runs, 1 hit, 0 errors, 1 left on base; Mancelona 0 - Holy City 1 |
TOP OF THE 5TH |
Mancelona Torch batting - Pitching for Holy City Herons : RHP Aaron Ellicott
|
Batting: LHB Enrique Pérez
|
0-0: Ball 1-0: Ball 2-0: Ball 3-0: Base on Balls
|
Batting: SHB Bikila Ayinde
|
0-0: Bunt - Flyout to 13S! F1
|
Batting: RHB Ed House
|
0-0: Ball 1-0: Swinging Strike 1-1: Called Strike 1-2: Strikes out swinging
|
Batting: RHB Broderick Petersen
|
0-0: Ball 1-0: Ball Wild Pitch! Enrique Pérez to second 2-0: Foul Ball, location: 2F 2-1: Ball 3-1: Base on Balls
|
Batting: LHB Scott Rice
|
0-0: Ball 1-0: Foul Ball, location: 2F 1-1: Called Strike 1-2: Ground out 5-3 (Groundball, 5S, EV 70.6 MPH)
|
Top of the 5th over - 0 runs, 0 hits, 0 errors, 2 left on base; Mancelona 0 - Holy City 1 |
BOTTOM OF THE 5TH |
Holy City Herons batting - Pitching for Mancelona Torch : LHP Tristan Liefting
|
Batting: SHB Adrik Wirgasoff
|
0-0: Ball 1-0: Ball 2-0: Foul Ball, location: 2F 2-1: Foul Ball, location: 2F 2-2: Fly out, F7 (Flyball, 78S, EV 79.4 MPH)
|
Batting: RHB Julián Adame
|
0-0: Ball 1-0: Called Strike 1-1: Foul Ball, location: 2F 1-2: SINGLE (Groundball, 34D, EV 101.2 MPH)
|
Batting: LHB Wes Smith
|
0-0: Ground out U3 (Groundball, 34, EV 83.8 MPH) Julián Adame to second
|
Batting: SHB Luis Flores
|
0-0: Foul Ball, location: 2F 0-1: Ball 1-1: Foul Ball, location: 2F 1-2: Ball 2-2: Foul Ball, location: 2F 2-2: Ball 3-2: Ground out 6-3 (Groundball, 6, EV 80.0 MPH)
|
Bottom of the 5th over - 0 runs, 1 hit, 0 errors, 1 left on base; Mancelona 0 - Holy City 1 |
TOP OF THE 6TH |
Mancelona Torch batting - Pitching for Holy City Herons : RHP Aaron Ellicott
|
Batting: LHB Ted Oglethorpe
|
0-0: Called Strike 0-1: Ball 1-1: Ball 2-1: SOLO HOME RUN (Flyball, 9D, EV 98.8 MPH), Distance : 385 ft
|
Batting: RHB Martino Madlad
|
0-0: Ground out 6-3 (Groundball, 6, EV 91.9 MPH)
|
Batting: SHB Harry Kofmeister
|
0-0: Ball 1-0: Fly out, F8 (Line Drive, 8RM, EV 91.9 MPH)
|
Batting: RHB Gabriel Salinas
|
0-0: Called Strike 0-1: Ball 1-1: Ball 2-1: Foul Ball, location: 2F 2-2: Ball 3-2: Foul Ball, location: 2F 3-2: Ground out U3 (Groundball, 3, EV 85.6 MPH)
|
Top of the 6th over - 1 run, 1 hit, 0 errors, 0 left on base; Mancelona 1 - Holy City 1 |
BOTTOM OF THE 6TH |
Holy City Herons batting - Pitching for Mancelona Torch : LHP Tristan Liefting
|
Batting: SHB Randolph Harper
|
0-0: Ball 1-0: Called Strike 1-1: Ball 2-1: Foul Ball, location: 2F 2-2: Foul Ball, location: 2F 2-2: Ball 3-2: Foul Ball, location: 2F 3-2: Fly out, F8 (Flyball, 8RD, EV 102.5 MPH)
|
Batting: RHB Kjeld van den Burgt
|
0-0: Foul Ball, location: 2F 0-1: Called Strike 0-2: Foul Ball, location: 2F 0-2: Foul Ball, location: 2F 0-2: Ball 1-2: Foul Ball, location: 2F 1-2: SINGLE (Groundball, 34D, EV 108.8 MPH)
|
Batting: RHB Jorge Tapia
|
0-0: Ball 1-0: Fielders Choice at 2nd, 4-6 (Groundball, 34, EV 82.5 MPH)
|
Batting: LHB Pat Martin
|
0-0: Ball Jorge Tapia steals 2nd base 1-0: Foul Ball, location: 2F 1-1: Foul Ball, location: 2F 1-2: Fly out, F3 (Popup, 3F, EV 81.9 MPH)
|
Bottom of the 6th over - 0 runs, 1 hit, 0 errors, 1 left on base; Mancelona 1 - Holy City 1 |
TOP OF THE 7TH |
Mancelona Torch batting - Pitching for Holy City Herons : RHP Aaron Ellicott
|
Batting: LHB Enrique Pérez
|
0-0: Called Strike 0-1: Reached on error, E4 (Groundball, 34D, EV 113.1 MPH)
|
Batting: SHB Bikila Ayinde
|
0-0: Ball 1-0: DOUBLE (Line Drive, 89M, EV 86.9 MPH) Enrique Pérez to third
|
Batting: RHB Ed House
|
0-0: Ball 1-0: Called Strike 1-1: Called Strike 1-2: Strikes out swinging
|
Batting: RHB Broderick Petersen
|
0-0: Ball 1-0: Called Strike 1-1: Foul Ball, location: 2F 1-2: Ball 2-2: Foul Ball, location: 2F 2-2: Strikes out swinging
|
Batting: LHB Scott Rice
|
0-0: Ball 1-0: Swinging Strike 1-1: SINGLE (Flyball, 34D, EV 91.2 MPH) Enrique Pérez scores Bikila Ayinde to third
|
Pitching: RHP Simon Crosby
|
|
Batting: LHB Ted Oglethorpe
|
Pickoff Throw to First - Out! 1-3
|
Top of the 7th over - 1 run, 2 hits, 1 error, 1 left on base; Mancelona 2 - Holy City 1 |
BOTTOM OF THE 7TH |
Holy City Herons batting - Pitching for Mancelona Torch : LHP Tristan Liefting
|
Pitching: RHP Eugene Blake
|
|
Pinch Hitting: LHB Steve Dixon
|
0-0: Ground out 4-3 (Groundball, 4, EV 105.0 MPH)
|
Batting: SHB Adrik Wirgasoff
|
0-0: Ball 1-0: Fly out, F7 (Flyball, 78D, EV 96.2 MPH)
|
Batting: RHB Julián Adame
|
0-0: Ball 1-0: Ball 2-0: Foul Ball, location: 2F 2-1: SINGLE (Flyball, 34D, EV 91.9 MPH)
|
Batting: LHB Wes Smith
|
0-0: Ball 1-0: Foul Ball, location: 2F 1-1: Swinging Strike 1-2: Ball 2-2: Ball 3-2: SINGLE (Groundball, 6MD, EV 96.2 MPH) Julián Adame to second Julián Adame to third
|
Batting: SHB Luis Flores
|
0-0: Ball 1-0: Called Strike 1-1: Foul Ball, location: 2F 1-2: Ball 2-2: SINGLE (Line Drive, 6D, EV 101.2 MPH) Julián Adame scores Wes Smith to second
|
Batting: SHB Randolph Harper
|
0-0: Swinging Strike 0-1: Foul Ball, location: 2F 0-2: Strikes out swinging
|
Bottom of the 7th over - 1 run, 3 hits, 0 errors, 2 left on base; Mancelona 2 - Holy City 2 |
TOP OF THE 8TH |
Mancelona Torch batting - Pitching for Holy City Herons : RHP Simon Crosby
|
Now at 2B: Po-fu Tsui
|
|
Now at SS: Jorge Tapia
|
|
Batting: LHB Ted Oglethorpe
|
0-0: Foul Ball, location: 2F 0-1: Fly out, F8 (Flyball, 8LM, EV 73.8 MPH)
|
Batting: RHB Martino Madlad
|
0-0: Ball 1-0: Called Strike 1-1: Foul Ball, location: 2F 1-2: Foul Ball, location: 2F 1-2: DOUBLE (Line Drive, 7LS, EV 105.0 MPH)
|
Batting: SHB Harry Kofmeister
|
0-0: Called Strike 0-1: Called Strike 0-2: Strikes out swinging
|
Batting: RHB Gabriel Salinas
|
0-0: Foul Ball, location: 2F 0-1: Ball 1-1: Ball 2-1: Foul Ball, location: 2F 2-2: Strikes out swinging
|
Top of the 8th over - 0 runs, 1 hit, 0 errors, 1 left on base; Mancelona 2 - Holy City 2 |
BOTTOM OF THE 8TH |
Holy City Herons batting - Pitching for Mancelona Torch : RHP Eugene Blake
|
Pinch Hitting: LHB Ron Sullivan
|
0-0: Foul Ball, location: 2F 0-1: Ball 1-1: Ball 2-1: Foul Ball, location: 2F 2-2: Fly out, F9 (Line Drive, 89M, EV 98.1 MPH)
|
Pinch Hitting: SHB José Randín
|
0-0: Ball 1-0: Ball 2-0: Foul Ball, location: 2F 2-1: Swinging Strike 2-2: Strikes out swinging
|
Batting: LHB Pat Martin
|
0-0: Ball 1-0: Ground out 1-3 (Groundball, 13S, EV 70.6 MPH)
|
Bottom of the 8th over - 0 runs, 0 hits, 0 errors, 0 left on base; Mancelona 2 - Holy City 2 |
TOP OF THE 9TH |
Mancelona Torch batting - Pitching for Holy City Herons : RHP Simon Crosby
|
Pitching: RHP Chip Moore
|
|
Now at SS: José Randín
|
|
Now in LF: Bill Benson
|
|
Now in RF: Pat Martin
|
|
Batting: LHB Enrique Pérez
|
0-0: Called Strike 0-1: Foul Ball, location: 2F 0-2: Strikes out looking
|
Batting: LHB Greg Ax
|
0-0: Swinging Strike 0-1: Ball 1-1: Swinging Strike 1-2: Strikes out swinging
|
Batting: RHB Ed House
|
0-0: Called Strike 0-1: SINGLE (Line Drive, 9LS, EV 98.1 MPH)
|
Batting: RHB Broderick Petersen
|
0-0: Ball 1-0: Called Strike 1-1: Fly out, F9 (Line Drive, 9, EV 86.9 MPH)
|
Top of the 9th over - 0 runs, 1 hit, 0 errors, 1 left on base; Mancelona 2 - Holy City 2 |
BOTTOM OF THE 9TH |
Holy City Herons batting - Pitching for Mancelona Torch : RHP Eugene Blake
|
Batting: LHB Po-fu Tsui
|
0-0: Ball 1-0: Ground out 1-3 (Groundball, 13S, EV 64.4 MPH)
|
Batting: SHB Adrik Wirgasoff
|
0-0: Foul Ball, location: 2F 0-1: Ball 1-1: Ball 2-1: Ball 3-1: Base on Balls
|
Batting: RHB Julián Adame
|
0-0: Called Strike 0-1: 2-RUN HOME RUN (Line Drive, 89XD, EV 108.8 MPH), Distance : 421 ft
|
Bottom of the 9th over - 2 runs, 1 hit, 0 errors, 0 left on base; Mancelona 2 - Holy City 4 |
|